PCL
SPOKANE TRAPPERS @ REDWOOD CITY REDWOODS
07/14/2030
 
TOP OF THE 1ST
Spokane Trappers batting - Pitching for Redwood City Redwoods : RHP Bill Peterson
Pitching: RHP Bill Peterson
Batting: LHB John Cotton 0-0: Ground out 6-3 (Groundball, 6)
Batting: RHB Danny Crouch 0-0: Called Strike
0-1: Swinging Strike
0-2: Ball
1-2: SOLO HOME RUN (Flyball, 9LD), Distance : 341 ft
Batting: LHB Stan Bates 0-0: Foul Ball, location: 2F
0-1: SOLO HOME RUN (Flyball, 9LD), Distance : 322 ft
Batting: RHB José Herrera 0-0: Fly out, F9 (Flyball, 9LDF)
Batting: SHB Chris Bennis 0-0: Called Strike
0-1: Ball
1-1: SOLO HOME RUN (Flyball, 9LD), Distance : 319 ft
Batting: LHB José Rivas 0-0: Called Strike
0-1: SINGLE (Groundball, 3D)
Batting: RHB Andrew Good 0-0: Called Strike
0-1: SINGLE (Line Drive, 4D)
José Rivas to second
Batting: LHB Harry Pitts 0-0: Swinging Strike
0-1: 3-RUN HOME RUN (Flyball, 9D), Distance : 346 ft
Batting: LHB Tommy Evans 0-0: Ball
1-0: Called Strike
1-1: Called Strike
1-2: Strikes out swinging
Top of the 1st over - 6 runs, 6 hits, 0 errors, 0 left on base; Spokane 6 - Redwood City 0
BOTTOM OF THE 1ST
Redwood City Redwoods batting - Pitching for Spokane Trappers : RHP Ben Cobb
Pitching: RHP Ben Cobb
Batting: LHB Tim Ramsey 0-0: Ball
1-0: Ball
2-0: Called Strike
2-1: Swinging Strike
2-2: SINGLE (Line Drive, 4D)
Batting: RHB Jason Blair 0-0: Ball
1-0: Fly out, F9 (Line Drive, 9D)
Batting: LHB Nicholas Alston 0-0: Called Strike
Tim Ramsey steals 2nd base
0-1: Called Strike
0-2: Ground out 6-3 (Groundball, 6)
Tim Ramsey to third
Batting: RHB David Adams 0-0: SINGLE (Groundball, 56D)
Tim Ramsey scores
Batting: LHB César Rodríguez 0-0: Called Strike
0-1: Foul Ball, location: 2F
0-2: Ball
1-2: Ball
2-2: Strikes out swinging
Bottom of the 1st over - 1 run, 2 hits, 0 errors, 1 left on base; Spokane 6 - Redwood City 1
TOP OF THE 2ND
Spokane Trappers batting - Pitching for Redwood City Redwoods : RHP Bill Peterson
Batting: LHB John Cotton 0-0: Ball
1-0: Ball
2-0: Ball
3-0: Base on Balls
Batting: RHB Danny Crouch 0-0: Called Strike
John Cotton steals 2nd base
0-1: Ball
1-1: Ground out 5-3 (Groundball, 56)
Batting: LHB Stan Bates 0-0: Ball
1-0: Ball
2-0: Called Strike
2-1: Ball
3-1: Base on Balls
Batting: RHB José Herrera 0-0: Foul Ball, location: 2F
0-1: Ball
1-1: Called Strike
John Cotton steals 3rd base
Stan Bates to second
1-2: Strikes out looking
Batting: SHB Chris Bennis 0-0: Ball
1-0: Swinging Strike
1-1: Swinging Strike
1-2: SINGLE (Groundball, 6MD)
John Cotton scores
Stan Bates to third
Runner from 3rd tries for Home, SAFE, throw made home
Batting: LHB José Rivas 0-0: Ball
1-0: Ball
2-0: Foul Ball, location: 2F
2-1: Fly out, F8 (Line Drive, 8LD)
Top of the 2nd over - 2 runs, 1 hit, 0 errors, 1 left on base; Spokane 8 - Redwood City 1
BOTTOM OF THE 2ND
Redwood City Redwoods batting - Pitching for Spokane Trappers : RHP Ben Cobb
Batting: LHB Vicente Chávez 0-0: Called Strike
0-1: SINGLE (Flyball, 7LS)
Batting: RHB Joe Noble 0-0: Ball
1-0: Called Strike
1-1: Ball
2-1: Fly out, F6 (Popup, 4MD)
Batting: RHB Luis Miguel Sánchez 0-0: Ball
1-0: DOUBLE (Line Drive, 7LM)
Vicente Chávez to third
Runner from 3rd tries for Home, SAFE, no throw
Batting: RHB Enrico Rodríguez 0-0: Ball
1-0: Ball
2-0: Ball
3-0: Base on Balls
Batting: LHB Tim Ramsey 0-0: Ball
1-0: Called Strike
1-1: Called Strike
1-2: Strikes out swinging
Batting: RHB Jason Blair 0-0: Ball
1-0: Ball
2-0: Fly out, F3 (Popup, 3SF)
Bottom of the 2nd over - 1 run, 2 hits, 0 errors, 2 left on base; Spokane 8 - Redwood City 2
TOP OF THE 3RD
Spokane Trappers batting - Pitching for Redwood City Redwoods : RHP Bill Peterson
Batting: RHB Andrew Good 0-0: Called Strike
0-1: Ball
1-1: Swinging Strike
1-2: Strikes out looking
Batting: LHB Harry Pitts 0-0: Called Strike
0-1: Ball
1-1: DOUBLE (Flyball, 78XD)
Batting: LHB Tommy Evans 0-0: Ball
1-0: Ball
2-0: Called Strike
2-1: Ball
3-1: Fly out, F9 (Flyball, 89M)
Batting: LHB John Cotton 0-0: Ground out 4-3 (Groundball, 34)
Top of the 3rd over - 0 runs, 1 hit, 0 errors, 1 left on base; Spokane 8 - Redwood City 2
BOTTOM OF THE 3RD
Redwood City Redwoods batting - Pitching for Spokane Trappers : RHP Ben Cobb
Batting: LHB Nicholas Alston 0-0: Ball
1-0: SINGLE (Groundball, 4MD)
Batting: RHB David Adams 0-0: Ball
1-0: Called Strike
1-1: Ball
2-1: Ball
3-1: Grounds into double play, 5-4-3 (Groundball, 5)
Batting: LHB César Rodríguez 0-0: Called Strike
0-1: Ball
1-1: Swinging Strike
1-2: Strikes out looking
Bottom of the 3rd over - 0 runs, 1 hit, 0 errors, 0 left on base; Spokane 8 - Redwood City 2
TOP OF THE 4TH
Spokane Trappers batting - Pitching for Redwood City Redwoods : RHP Bill Peterson
Batting: RHB Danny Crouch 0-0: Swinging Strike
0-1: Foul Ball, location: 2F
0-2: Ball
1-2: Foul Ball, location: 2F
1-2: Foul Ball, location: 2F
1-2: Foul Ball, location: 2F
1-2: Strikes out looking
Batting: LHB Stan Bates 0-0: Called Strike
0-1: Ball
1-1: Called Strike
1-2: Foul Ball, location: 2F
1-2: Ball
2-2: Ball
3-2: Foul Ball, location: 2F
3-2: Strikes out looking
Batting: RHB José Herrera 0-0: Ball
1-0: Called Strike
1-1: SINGLE (Flyball, 9S)
Pitching: RHP Cristo Balderas
Batting: SHB Chris Bennis 0-0: Ball
1-0: Ball
2-0: Called Strike
2-1: Foul Ball, location: 2F
2-2: Ground out 5-3 (Groundball, 56S)
Top of the 4th over - 0 runs, 1 hit, 0 errors, 1 left on base; Spokane 8 - Redwood City 2
BOTTOM OF THE 4TH
Redwood City Redwoods batting - Pitching for Spokane Trappers : RHP Ben Cobb
Batting: LHB Vicente Chávez 0-0: Ball
1-0: Ball
2-0: Foul Ball, location: 2F
2-1: Ball
3-1: Foul Ball, location: 2F
3-2: Base on Balls
Batting: RHB Joe Noble 0-0: Called Strike
0-1: Grounds into double play, 5-4-3 (Groundball, 56)
Batting: RHB Luis Miguel Sánchez 0-0: Called Strike
0-1: Called Strike
0-2: Foul Ball, location: 2F
0-2: Ball
1-2: Strikes out swinging
Bottom of the 4th over - 0 runs, 0 hits, 0 errors, 0 left on base; Spokane 8 - Redwood City 2
TOP OF THE 5TH
Spokane Trappers batting - Pitching for Redwood City Redwoods : RHP Cristo Balderas
Batting: LHB José Rivas 0-0: Swinging Strike
0-1: Ball
1-1: Ball
2-1: Foul Ball, location: 2F
2-2: Strikes out swinging
Batting: RHB Andrew Good 0-0: Called Strike
0-1: Ball
1-1: Ball
2-1: Called Strike
2-2: DOUBLE (Line Drive, 7LS)
Batting: LHB Harry Pitts 0-0: Ball
1-0: Called Strike
1-1: Foul Ball, location: 2F
1-2: Strikes out swinging
Batting: LHB Tommy Evans 0-0: SINGLE (Groundball, 56D)
Andrew Good to third
Runner from 3rd tries for Home, SAFE, throw made home
Batting: LHB John Cotton 0-0: Ball
1-0: Ball
2-0: Called Strike
2-1: Called Strike
2-2: Strikes out swinging
Top of the 5th over - 1 run, 2 hits, 0 errors, 1 left on base; Spokane 9 - Redwood City 2
BOTTOM OF THE 5TH
Redwood City Redwoods batting - Pitching for Spokane Trappers : RHP Ben Cobb
Batting: RHB Enrico Rodríguez 0-0: Called Strike
0-1: Fly out, F9 (Flyball, 9S)
Batting: LHB Tim Ramsey 0-0: Ball
1-0: Foul Ball, location: 2F
1-1: Ball
2-1: Fly out, F3 (Popup, 3F)
Batting: RHB Jason Blair 0-0: Foul Ball, location: 2F
0-1: Swinging Strike
0-2: Strikes out looking
Bottom of the 5th over - 0 runs, 0 hits, 0 errors, 0 left on base; Spokane 9 - Redwood City 2
TOP OF THE 6TH
Spokane Trappers batting - Pitching for Redwood City Redwoods : RHP Cristo Balderas
Batting: RHB Danny Crouch 0-0: Called Strike
0-1: Called Strike
0-2: Ball
1-2: Reached on error, E5 (Groundball, 5)
Batting: LHB Stan Bates 0-0: 2-RUN HOME RUN (Flyball, 89XD), Distance : 393 ft
Batting: RHB José Herrera 0-0: Foul Ball, location: 2F
0-1: Ball
1-1: Swinging Strike
1-2: Strikes out swinging
Batting: SHB Chris Bennis 0-0: Ball
1-0: Ball
2-0: Called Strike
2-1: Ball
3-1: Foul Ball, location: 2F
3-2: Base on Balls
Batting: LHB José Rivas 0-0: Ball
1-0: Foul Ball, location: 2F
1-1: Swinging Strike
1-2: Strikes out looking
Batting: RHB Andrew Good 0-0: Called Strike
0-1: Ball
1-1: Ball
2-1: Swinging Strike
2-2: Ball
3-2: Strikes out swinging
Top of the 6th over - 2 runs, 1 hit, 1 error, 1 left on base; Spokane 11 - Redwood City 2
BOTTOM OF THE 6TH
Redwood City Redwoods batting - Pitching for Spokane Trappers : RHP Ben Cobb
Batting: LHB Nicholas Alston 0-0: DOUBLE (Flyball, 8RXD)
Batting: RHB David Adams 0-0: Called Strike
0-1: Swinging Strike
0-2: Ball
1-2: Strikes out swinging
Batting: LHB César Rodríguez 0-0: Ball
1-0: Called Strike
1-1: Foul Ball, location: 2F
1-2: Foul Ball, location: 2F
1-2: Foul Ball, location: 2F
1-2: Foul Ball, location: 2F
1-2: Ground out 6-3 (Groundball, 6)
Batting: LHB Vicente Chávez 0-0: Called Strike
0-1: Ball
1-1: Foul Ball, location: 2F
1-2: Ball
2-2: SINGLE (Flyball, 7LS)
Nicholas Alston to third
Runner from 3rd tries for Home, SAFE, no throw
Batting: RHB Joe Noble 0-0: Ball
1-0: Called Strike
1-1: Ball
2-1: SINGLE (Line Drive, 89S)
Vicente Chávez to second
Runner from 2nd tries for 3rd, SAFE, no throw
Batting: RHB Luis Miguel Sánchez 0-0: SINGLE (Flyball, 7LS)
Vicente Chávez scores
Joe Noble to second
Batting: RHB Enrico Rodríguez 0-0: Ball
1-0: Ball
2-0: Called Strike
2-1: Hit by Pitch
Joe Noble to third
Luis Miguel Sánchez to second
Pitching: RHP Mark Tidwell
Batting: LHB Tim Ramsey 0-0: Fly out, F9 (Flyball, 9)
Bottom of the 6th over - 2 runs, 4 hits, 0 errors, 3 left on base; Spokane 11 - Redwood City 4
TOP OF THE 7TH
Spokane Trappers batting - Pitching for Redwood City Redwoods : RHP Cristo Balderas
Batting: LHB Harry Pitts 0-0: Ball
1-0: Ball
2-0: Foul Ball, location: 2F
2-1: Ball
3-1: Foul Ball, location: 2F
3-2: SINGLE (Groundball, 56D)
Pitching: RHP Gil Paling
Batting: LHB Tommy Evans 0-0: Called Strike
0-1: Foul Ball, location: 2F
0-2: Foul Ball, location: 2F
0-2: Grounds into double play, 1-6-3 (Groundball, 13S)
Batting: LHB John Cotton 0-0: Ball
1-0: SINGLE (Groundball, 34D)
Batting: RHB Danny Crouch 0-0: Called Strike
0-1: Foul Ball, location: 2F
0-2: Ball
1-2: Strikes out swinging wild pitch, reaches first!
John Cotton to second
Batting: LHB Stan Bates 0-0: Ball
1-0: Foul Ball, location: 2F
1-1: Ground out 6-3 (Groundball, 56D)
Top of the 7th over - 0 runs, 2 hits, 0 errors, 2 left on base; Spokane 11 - Redwood City 4
BOTTOM OF THE 7TH
Redwood City Redwoods batting - Pitching for Spokane Trappers : RHP Mark Tidwell
Batting: RHB Jason Blair 0-0: Ball
1-0: Ball
2-0: Ball
3-0: Called Strike
3-1: SINGLE (Groundball, 34) (infield hit)
Batting: LHB Nicholas Alston 0-0: Ball
1-0: Called Strike
1-1: Ground out U3 (Groundball, 34S)
Jason Blair to second
Batting: RHB David Adams 0-0: Ball
1-0: Foul Ball, location: 2F
1-1: Called Strike
1-2: Strikes out swinging
Batting: LHB César Rodríguez 0-0: Ball
1-0: Swinging Strike
1-1: Ball
2-1: Swinging Strike
2-2: Strikes out looking
Bottom of the 7th over - 0 runs, 1 hit, 0 errors, 1 left on base; Spokane 11 - Redwood City 4
TOP OF THE 8TH
Spokane Trappers batting - Pitching for Redwood City Redwoods : RHP Gil Paling
Pinch Hitting: RHB Gustavo Ortíz 0-0: Ball
1-0: Ball
2-0: Called Strike
2-1: Foul Ball, location: 2F
2-2: Foul Ball, location: 2F
2-2: Foul Ball, location: 2F
2-2: Foul Ball, location: 2F
2-2: Foul Ball, location: 2F
2-2: Strikes out swinging wild pitch, reaches first!
Batting: SHB Chris Bennis 0-0: Swinging Strike
0-1: Ball
1-1: Ball
2-1: SINGLE (Line Drive, 56)
Gustavo Ortíz to second
Batting: LHB José Rivas 0-0: Ball
1-0: Foul Ball, location: 2F
1-1: Ball
2-1: Ball
3-1: Foul Ball, location: 2F
3-2: Base on Balls
Gustavo Ortíz to third
Chris Bennis to second
Batting: RHB Andrew Good 0-0: Ball
1-0: Called Strike
1-1: Foul Ball, location: 2F
1-2: Ball
2-2: Ball
3-2: SINGLE (Groundball, 6MD)
Gustavo Ortíz scores
Chris Bennis to third
José Rivas to second
Batting: LHB Harry Pitts 0-0: Ball
1-0: Called Strike
1-1: Foul Ball, location: 2F
1-2: Ball
2-2: Ball
3-2: SINGLE (Groundball, 34D)
Chris Bennis scores
José Rivas to third
Andrew Good to second
Batting: LHB Tommy Evans 0-0: Called Strike
0-1: Ball
1-1: Ground out 4-3 (Groundball, 34D)
José Rivas scores
Andrew Good to third
Harry Pitts to second
Batting: LHB John Cotton 0-0: Swinging Strike
0-1: Ground out 4-3 (Groundball, 4)
Andrew Good scores
Harry Pitts to third
Batting: RHB Danny Crouch 0-0: Ball
1-0: Ball
2-0: Ball
3-0: Called Strike
3-1: Called Strike
3-2: Strikes out swinging
Top of the 8th over - 4 runs, 3 hits, 0 errors, 1 left on base; Spokane 15 - Redwood City 4
BOTTOM OF THE 8TH
Redwood City Redwoods batting - Pitching for Spokane Trappers : RHP Mark Tidwell
Now in LF: Tony Campos
Batting: LHB Vicente Chávez 0-0: Swinging Strike
0-1: Swinging Strike
0-2: Ball
1-2: Fly out, F9 (Line Drive, 89M)
Batting: RHB Joe Noble 0-0: Ball
1-0: Ball
2-0: Ball
3-0: Called Strike
3-1: SOLO HOME RUN (Flyball, 7D), Distance : 355 ft
Batting: RHB Luis Miguel Sánchez 0-0: Ball
1-0: Ball
2-0: Foul Ball, location: 2F
2-1: Ball
3-1: Foul Ball, location: 2F
3-2: Strikes out swinging
Batting: RHB Enrico Rodríguez 0-0: Ground out 5-3 (Groundball, 5)
Bottom of the 8th over - 1 run, 1 hit, 0 errors, 0 left on base; Spokane 15 - Redwood City 5
TOP OF THE 9TH
Spokane Trappers batting - Pitching for Redwood City Redwoods : RHP Gil Paling
Pitching: RHP Juan Sánchez
Batting: LHB Stan Bates 0-0: Called Strike
0-1: Ball
1-1: Ball
2-1: Foul Ball, location: 2F
2-2: Ball
3-2: Base on Balls
Batting: RHB Tony Campos 0-0: Called Strike
0-1: Called Strike
0-2: Foul Ball, location: 2F
0-2: Strikes out swinging
Batting: SHB Chris Bennis 0-0: Ball
1-0: Fly out, F7 (Flyball, 7S)
Batting: LHB José Rivas 0-0: Ball
1-0: Foul Ball, location: 2F
1-1: Foul Ball, location: 2F
1-2: Strikes out swinging
Top of the 9th over - 0 runs, 0 hits, 0 errors, 1 left on base; Spokane 15 - Redwood City 5
BOTTOM OF THE 9TH
Redwood City Redwoods batting - Pitching for Spokane Trappers : RHP Mark Tidwell
Now at C: José Martínez
Now in LF: Carlos García
Batting: LHB Tim Ramsey 0-0: Called Strike
0-1: Ball
1-1: SINGLE (Groundball, 56D)
Batting: RHB Jason Blair 0-0: Ball
1-0: Fly out, F3 (Line Drive, 3)
Batting: LHB Nicholas Alston 0-0: Foul Ball, location: 2F
0-1: Ball
1-1: Foul Ball, location: 2F
1-2: Strikes out looking
Batting: RHB David Adams 0-0: Ball
1-0: Called Strike
1-1: Ball
2-1: Ball
3-1: TRIPLE (Flyball, 89XD)
Tim Ramsey scores
Batting: LHB César Rodríguez 0-0: Called Strike
0-1: Called Strike
0-2: Ball
1-2: Ground out 4-3 (Groundball, 4)
Bottom of the 9th over - 1 run, 2 hits, 0 errors, 1 left on base; Spokane 15 - Redwood City 6
Saturday, April 7th, 2018 - OOTP Baseball 18.8 Build 76